 Dungeon Crawl Stone Soup version 0.21.0-3-g78d12a8 (console) character file.

36781 nht the Brawler (level 13, -6/114 HPs)
             Began as a Troll Fighter on Jan 9, 2018.
             Was the Champion of Okawaru.
             Mangled by a seven-headed hydra (7 damage)
             ... on level 6 of the Lair of Beasts.
             The game lasted 00:24:40 (13729 turns).

nht the Brawler (Troll Fighter)                    Turns: 13729, Time: 00:24:42

Health: -6/114     AC:  9    Str: 27    XL:     13   Next: 54%
Magic:  18/18      EV: 10    Int:  8    God:    Okawaru [******]
Gold:   955        SH: 12    Dex: 11    Spells: 12/12 levels left

rFire    + + .     SeeInvis +     - Unarmed
rCold    + . .     Gourm    +   b - +1 shield
rNeg     . . .     Faith    .   i - +2 robe of Happy Babbling {rPois rF+ Dex+2}
rPois    +         Spirit   .   z - +2 hat
rElec    .         Reflect  .   s - scarf {rC+ rF+}
rCorr    .         Harm     .   (gloves unavailable)
MR       +....                  (boots unavailable)
Stlth    +.........             (no amulet)
HPRegen  0.69/turn              p - ring of see invisible
MPRegen  0.16/turn              H - ring of protection from magic

@: very slightly contaminated, invisible
A: large, unfitting armour, claws 3, fast metabolism 3, gourmand, regeneration
1, shaggy fur 1, tough skin 2
a: Heroism, Finesse, Renounce Religion


You were on level 6 of the Lair of Beasts.
You worshipped Okawaru.
Okawaru was exalted by your worship.
You were completely stuffed.

You visited 2 branches of the dungeon, and saw 15 of its levels.

You collected 1116 gold pieces.
You spent 161 gold pieces at shops.

Inventory:

Hand Weapons
 J - a +0 blowgun
Missiles
 a - 12 poisoned needles
 e - 6 tomahawks (quivered)
 l - 8 needles of paralysis
 r - 6 curare-tipped needles
 w - 3 needles of sleeping
 K - 7 large rocks
 Q - 7 javelins
 R - 2 throwing nets
Armour
 b - a +1 shield (worn)
 i - the +2 robe of Happy Babbling (worn) {rPois rF+ Dex+2}
   (Okawaru gifted it to you on level 3 of the Lair of Beasts)

   It affects your dexterity (+2).
   It protects you from fire.
   It protects you from poison.
 s - a scarf of resistance (worn)
 z - a +2 hat (worn)
 I - the +0 large shield of Philately {rElec rF- rCorr Dex+5}
   (Okawaru gifted it to you on level 2 of the Lair of Beasts)

   It affects your dexterity (+5).
   It makes you vulnerable to fire.
   It insulates you from electricity.
   It protects you from acid and corrosion.
Jewellery
 p - a ring of see invisible (left claw)
 x - an uncursed ring of wizardry
 D - an uncursed ring of fire
 E - an uncursed ring of flight
 F - an uncursed ring of magical power
 H - a ring of protection from magic (right claw)
 V - an uncursed ring of protection from cold {unknown}
Wands
 h - a wand of flame (59)
 o - a wand of digging (40)
 u - a wand of random effects (49)
 v - a wand of enslavement (37)
 L - a wand of polymorph (10)
 M - a wand of paralysis (12)
Scrolls
 k - 3 scrolls of fog
 n - 7 scrolls of remove curse
 t - 6 scrolls of teleportation
 y - 3 scrolls of immolation
 B - 3 scrolls of enchant weapon
 C - 3 scrolls of enchant armour
 G - 7 scrolls of identify
 W - 3 scrolls of blinking {unknown}
Potions
 c - a potion of might
 f - 2 potions of cancellation
 g - 4 potions of heal wounds
 j - a potion of magic
 m - a potion of ambrosia
 A - a potion of flight
 N - a potion of haste
 O - a potion of curing
 T - a potion of mutation
Books
 q - a book of Misfortune

   Spells                             Type                      Level
   a - Confusing Touch                Hexes                        1
   b - Confuse                        Hexes                        3
   c - Gell's Gravitas                Translocation                3
   d - Petrify                        Transmutation/Earth          4
   e - Metabolic Englaciation         Hexes/Ice                    5
   f - Yara's Violent Unravelling     Hexes/Transmutation          5
 P - Koomela's Incunabulum of Warped Toxins
   (You found it on level 3 of the Lair of Beasts)

   Spells                             Type                      Level
   a - Mephitic Cloud                 Conjuration/Poison/Air       3
   b - Gell's Gravitas                Translocation                3
   c - Dispersal                      Translocation                6
   d - Disjunction                    Translocation                8
Comestibles
 d - 41 rations
 S - 3 chunks of flesh


   Skills:
 + Level 4.2 Fighting
 * Level 9.6 Throwing
 - Level 2.4 Dodging
 - Level 9.0 Shields
 + Level 15.4 Unarmed Combat
 - Level 8.0 Invocations


You had 12 spell levels left.
You didn't know any spells.

Dungeon Overview and Level Annotations

Branches:
Dungeon (9/15)             Temple (0/1) D:6            Lair (6/6) D:9
 Shoals (0/4) Lair:2       Spider (0/4) Lair:3        Slime (0/5) Lair:6
    Orc: D:9-12

Altars:
Ashenzari
Cheibriados
Elyvilon
Hepliaklqana
Okawaru
Ru
Vehumet
Zin
The Shining One

Shops:
D:6 [[   D:7 [


Innate Abilities, Weirdness & Mutations

You are too large for most types of armour.
You have claws for hands.
Your metabolism is lightning-fast.
You like to eat raw meat.
Your natural rate of healing is unusually fast.
You are covered in fur. (AC +1)
You have very tough skin. (AC +2)


Message History

Aiming: Paralyse
Press: ? - help, Shift-Dir - straight line, f/p - seven-headed hydra
Aim: a seven-headed hydra (chance to defeat MR: 15%)
The seven-headed hydra resists with almost no effort.
The seven-headed hydra closely misses you.
The seven-headed hydra bites you!
The seven-headed hydra barely misses you.
The seven-headed hydra misses you.
You block the seven-headed hydra's attack. x2
The seven-headed hydra bites you! The spiny frog barely misses you.
The spiny frog stings you.
* * * LOW HITPOINT WARNING * * *
You block the spiny frog's attack. The seven-headed hydra bites you.
* * * LOW HITPOINT WARNING * * *
The seven-headed hydra bites you!
* * * LOW HITPOINT WARNING * * *
The seven-headed hydra bites you!
* * * LOW HITPOINT WARNING * * *
The seven-headed hydra bites you!
You die...

.......................██≈P█.≈P.
......................≈█.P≈█.≈≈.
.......P.█..P██......≈≈.≈..≈..≈
.........█.██.................
...██.................
█....█.................
█.....P................
█.....................
███..█..................
.......P................
.......@F†..............
........D...............
..█..█.█P███.█..██P....█ ██
██████..███████...█


████ █████ You could see a seven-headed hydra and a spiny frog.

Vanquished Creatures
  Snorg (Lair:3)
  Harold (Lair:3)
  A hydra (Lair:1)
  A merfolk avatar (Lair:6)
  2 two-headed ogres (D:8)
  Urug (Lair:4)
  Sonja (Lair:1)
  A fire crab (Lair:6)
  A manticore (Lair:6)
  5 elephants (Lair:6)
  2 merfolk sirens (Lair:2)
  19 spiny frogs
  A black mamba (Lair:6)
  Joseph (Lair:1)
  2 rime drakes (Lair:6)
  11 komodo dragons
  2 wind drakes (Lair:6)
  2 merfolk
  Prince Ribbit (D:5)
  4 polar bears
  5 blink frogs (Lair:3)
  2 hornets (Lair:6)
  5 hippogriffs
  2 slime creatures (Lair:6)
  A spriggan (D:7)
  39 yaks
  3 wyverns
  8 water moccasins
  6 porcupines
  3 sky beasts
  4 orc warriors
  An ice beast (D:6)
  3 ogres
  2 phantoms
  5 centaurs
  6 wolves
  The ghost of tilp the Conjurer, an amateur DrCj (D:3)
  17 crocodiles
  A big kobold (D:7)
  15 bullfrogs
  5 wights (D:7)
  4 killer bees (D:8)
  2 howler monkeys
  3 jellies
  3 crimson imps
  2 bullfrog zombies
  A gnoll shaman (D:4)
  3 orc priests
  7 hounds
  4 iguanas
  A bullfrog skeleton (D:8)
  7 orc wizards
  6 worker ants
  2 hound skeletons
  A howler monkey zombie (D:7)
  Robin (D:3)
  5 gnolls (D:4)
  7 adders
  2 shadow imps (D:7)
  3 oozes
  An adder zombie (D:8)
  An adder skeleton (D:8)
  3 dart slugs
  2 worms
  6 leopard geckos
  32 orcs
  7 bats
  5 giant cockroaches
  15 goblins
  6 hobgoblins
  11 jackals
  8 quokkas
  3 frilled lizards
  A goblin skeleton (D:4)
  A goblin zombie (D:4)
  5 hobgoblin zombies (D:4)
  2 jackal skeletons
  10 kobolds
  A leopard gecko zombie (D:7)
  An orc skeleton (D:4)
  A quokka zombie (D:7)
  15 rats
395 creatures vanquished.

Vanquished Creatures (collateral kills)
  A two-headed ogre (D:8)
  An adder skeleton (D:8)
  An orc (D:8)
3 creatures vanquished.

Vanquished Creatures (others)
  A jelly (Lair:6)
  An orc wizard (D:9)
  An adder (D:8)
  8 fungi
  9 plants
20 creatures vanquished.

Grand Total: 418 creatures vanquished

Notes
Turn   | Place    | Note
-------+----------+-------------------------------------------
     0 | D:1      | nht the Troll Fighter began the quest for the Orb.
     0 | D:1      | Reached XP level 1. HP: 22/22 MP: 0/0
   311 | D:1      | Reached XP level 2. HP: 26/29 MP: 1/1
   504 | D:1      | Reached skill level 3 in Unarmed Combat
   581 | D:2      | Found a sacrificial altar of Ru.
   597 | D:2      | Became a worshipper of Ru the Awakened
   620 | D:2      | Reached XP level 3. HP: 36/36 MP: 2/2
   650 | D:2      | Found an iron altar of Okawaru.
   709 | D:2      | Fell from the grace of Ru
   709 | D:2      | Became a worshipper of Warmaster Okawaru
   927 | D:2      | Reached XP level 4. HP: 37/44 MP: 3/3
   989 | D:2      | Reached skill level 4 in Unarmed Combat
  1351 | D:3      | Noticed tilp's ghost (amateur DrCj)
  1376 | D:3      | Reached XP level 5. HP: 48/50 MP: 4/4
  1554 | D:3      | Noticed Robin
  1589 | D:3      | Killed Robin
  1628 | D:3      | Reached skill level 5 in Unarmed Combat
  1644 | D:3      | Reached * piety under Okawaru
  1644 | D:3      | Reached XP level 6. HP: 26/59 MP: 5/5
  2163 | D:3      | Killed tilp's ghost
  2435 | D:4      | Reached skill level 6 in Unarmed Combat
  2476 | D:4      | Reached XP level 7. HP: 66/66 MP: 6/6
  2518 | D:4      | Found a glowing golden altar of the Shining One.
  2640 | D:4      | Reached ** piety under Okawaru
  2640 | D:4      | Reached skill level 7 in Unarmed Combat
  3181 | D:4      | Found a hazy altar of Hepliaklqana.
  3234 | D:5      | Entered Level 5 of the Dungeon
  3408 | D:5      | Noticed Prince Ribbit
  3493 | D:5      | Reached skill level 5 in Shields
  3515 | D:5      | Killed Prince Ribbit
  3515 | D:5      | Reached skill level 8 in Unarmed Combat
  3515 | D:5      | Reached XP level 8. HP: 44/74 MP: 4/7
  3814 | D:6      | Reached skill level 9 in Unarmed Combat
  3819 | D:6      | Reached *** piety under Okawaru
  3856 | D:6      | Found a staircase to the Ecumenical Temple.
  3982 | D:6      | Found Uzyl's Antique Armour Boutique.
  3990 | D:6      | Found Zeibeitt's Armour Shoppe.
  4047 | D:7      | Found Meab's Antique Armour Shoppe.
  4051 | D:7      | Bought a runed hat for 161 gold pieces
  4142 | D:7      | Reached XP level 9. HP: 47/80 MP: 5/8
  4163 | D:7      | Reached skill level 10 in Unarmed Combat
  4449 | D:7      | Reached **** piety under Okawaru
  4796 | D:8      | Found a snail-covered altar of Cheibriados.
  4888 | D:8      | Noticed a two-headed ogre
  4888 | D:8      | Noticed a two-headed ogre
  4896 | D:8      | Killed a two-headed ogre
  4896 | D:8      | Reached skill level 11 in Unarmed Combat
  4901 | D:8      | Killed a two-headed ogre
  4901 | D:8      | Reached ***** piety under Okawaru
  4952 | D:8      | Reached XP level 10. HP: 88/88 MP: 9/9
  5101 | D:8      | Noticed a two-headed ogre
  5128 | D:8      | Killed a two-headed ogre
  5128 | D:8      | Reached skill level 12 in Unarmed Combat
  5764 | D:9      | Found a shattered altar of Ashenzari.
  5767 | D:9      | Found a radiant altar of Vehumet.
  5817 | D:9      | Found a white marble altar of Elyvilon.
  6078 | D:9      | Found a glowing silver altar of Zin.
  6222 | D:9      | Reached skill level 13 in Unarmed Combat
  6484 | D:9      | Found a staircase to the Lair.
  6639 | Lair:1   | Entered Level 1 of the Lair of Beasts
  6684 | Lair:1   | Received a gift from Okawaru
  6689 | Lair:1   | Reached XP level 11. HP: 75/94 MP: 10/10
  6764 | Lair:1   | Noticed Joseph
  6776 | Lair:1   | Killed Joseph
  6858 | Lair:1   | Reached skill level 14 in Unarmed Combat
  7088 | Lair:1   | Noticed an eight-headed hydra
  7099 | Lair:1   | Killed an eight-headed hydra
  7099 | Lair:1   | Reached ****** piety under Okawaru
  7221 | Lair:1   | Noticed Sonja
  7654 | Lair:1   | Killed Sonja
  7654 | Lair:1   | Received a gift from Okawaru
  7895 | Lair:1   | Reached skill level 15 in Unarmed Combat
  8009 | Lair:2   | Received a gift from Okawaru
  8010 | Lair:2   | Got a scorched large shield {god gift}
  8021 | Lair:2   | Identified the +0 large shield of Philately {rElec rF- rCorr Dex+5} (Okawaru gifted it to you on level 2 of the Lair of Beasts)
  8039 | Lair:2   | Reached skill level 1 in Throwing
  8039 | Lair:2   | Reached skill level 1 in Invocations
  8499 | Lair:2   | Reached XP level 12. HP: 86/104 MP: 13/13
  8585 | Lair:2   | Found a staircase to the Shoals.
  9382 | Lair:3   | Reached skill level 5 in Invocations
  9388 | Lair:3   | Identified Koomela's Incunabulum of Warped Toxins
  9399 | Lair:3   | Reached skill level 5 in Throwing
  9576 | Lair:3   | Noticed Harold
  9578 | Lair:3   | Received a gift from Okawaru
  9580 | Lair:3   | Noticed Snorg
  9597 | Lair:3   | Killed Snorg
  9604 | Lair:3   | Killed Harold
  9604 | Lair:3   | Received a gift from Okawaru
  9605 | Lair:3   | Got a dull robe {god gift}
  9657 | Lair:3   | Identified the +2 robe of Happy Babbling {rPois rF+ Dex+2} (Okawaru gifted it to you on level 3 of the Lair of Beasts)
 10161 | Lair:3   | Found a hole to the Spider Nest.
 10532 | Lair:4   | Noticed Urug
 10535 | Lair:4   | Noticed a six-headed hydra
 10760 | Lair:4   | HP: 4/104 [Urug/long sword of slicing (4)]
 10761 | Lair:4   | Killed Urug
 12000 | Lair:5   | Reached XP level 13. HP: 85/110 MP: 17/17
 12601 | Lair:6   | Entered Level 6 of the Lair of Beasts
 12912 | Lair:6   | Found a staircase to the Slime Pits.
 12941 | Lair:6   | Received a gift from Okawaru
 13619 | Lair:6   | Received a gift from Okawaru
 13729 | Lair:6   | HP: 1/114 [seven-headed hydra (14)]
 13729 | Lair:6   | Mangled by a seven-headed hydra

Skill      XL: |  1  2  3  4  5  6  7  8  9 10 11 12 13 |
---------------+----------------------------------------+-----
Unarmed Combat | 3 4 5 6 8 9 11 13 15 | 15.4
Shields        | 3 4 5 6 7 8 9 |  9.0
Throwing       | 3 7 9 |  9.6
Invocations    | 3 7 8 |  8.0
Fighting       | 4 |  4.2
Dodging        | |  2.4

Action                   |  1- 3 |  4- 6 |  7- 9 | 10-12 | 13-15 || total
-------------------------+-------+-------+-------+-------+-------++-------
Melee: Unarmed           |   118 |   164 |   300 |   644 |   201 ||  1427
Throw: Tomahawk          |       |       |       |    69 |    28 ||    97
       Large rock        |       |       |       |     4 |       ||     4
Invok: Heroism           |       |     1 |     4 |    12 |     4 ||    21
       Finesse           |       |       |       |     1 |     1 ||     2
Evoke: Wand              |       |       |       |    29 |    15 ||    44
  Use: Scroll            |     2 |     7 |     4 |     8 |     1 ||    22
       Potion            |       |     5 |       |     5 |     1 ||    11
 Stab: Sleeping          |       |       |       |     2 |       ||     2
       Paralysed         |       |       |       |       |     2 ||     2
  Eat: Chunk             |    14 |    15 |    22 |    64 |    16 ||   131
Armor: Robe              |    37 |    43 |    70 |    73 |    28 ||   251
       Skin              |       |     2 |       |    22 |       ||    24
Dodge: Dodged            |    29 |    38 |    87 |   161 |    56 ||   371
Block: Shield            |    61 |    57 |   135 |   315 |    85 ||   653
